 Dungeon Crawl Stone Soup version 0.31.0-11-ge490571c62 (webtiles) character file.

Game seed: 13655799859534865934

457 qw the Shooter (level 6, 0/30 HPs)
             Began as a Spriggan Hunter on Feb 4, 2024.
             Slain by a gnoll sergeant
             ... wielding a +0 spear
              (9 damage)
             ... on level 4 of the Dungeon.
             The game lasted 00:00:16 (3303 turns).

qw the Shooter (Spriggan Hunter)                    Turns: 3303, Time: 00:00:17

Health: 0/30       AC:  4    Str:  7    XL:     6   Next: 77%
Magic:  7/7        EV: 21    Int: 10    God:
Gold:   161        SH:  0    Dex: 21    Spells: 5/5 levels left

rFire   . . .        a - +2 shortbow
rCold   . . .        (shield currently unavailable)
rNeg    . . .        c - +0 robe
rPois   .            (helmet restricted)
rElec   .            f - +1 cloak
rCorr   .            (gloves unavailable)
SInv    +            (boots unavailable)
Will    +....        (no amulet)
Stlth   ++           (no ring)
HPRegen 0.25/turn    (no ring)
MPRegen 0.10/turn

%: no passive effects
@: very quick
A: very small, no large weapons, unfitting armour, see invisible, speed 3
a: no special abilities


You were on level 4 of the Dungeon.
You visited 1 branch of the dungeon, and saw 4 of its levels.

You collected 161 gold pieces.


Innate Abilities, Weirdness & Mutations

You are very small and have problems with some larger weapons.
You are too small for most types of armour.
You have supernaturally acute eyesight. (SInv)
You cover ground extremely quickly. (Speed+++)


   Skills:
 - Level 2.1 Fighting
 + Level 6.8 Ranged Weapons
 - Level 6.0 Dodging
 - Level 1.5 Stealth


You had 5 spell levels left.
You didn't know any spells.
Your spell library was empty.

Inventory:

Hand Weapons
 a - a +2 shortbow (weapon)
Armour
 c - a +0 robe (worn)
 f - a +1 cloak (worn)
Jewellery
 g - an amulet of guardian spirit
 l - the ring of Divine Intervention {Wiz rF++ Str+2 Int+3 Dex-4}
   (You found it on level 3 of the Dungeon)

   [ring of wizardry]

   Wiz:       It improves your spell success rate.
   Str+2:     It affects your strength (+2).
   Int+3:     It affects your intelligence (+3).
   Dex-4:     It affects your dexterity (-4).
   rF++:      It greatly protects you from fire.
Wands
 j - a wand of paralysis (7)
Scrolls
 b - a scroll of teleportation
Potions
 d - 2 potions of curing
 e - a potion of mutation
 k - a potion of enlightenment
 m - a potion of might
 o - a potion of degeneration {unknown}

Dungeon Overview and Level Annotations

Branches:
Dungeon (4/15)
 Temple: D:4-7

Altars:
Xom


Message History

A gnoll comes into view. It is wielding a +0 spear.
A gnoll sergeant comes into view. It is wielding a +0 spear.
You shoot an arrow. The arrow closely misses the gnoll.
The arrow hits the gnoll sergeant.
The gnoll sergeant is lightly wounded.
You shoot an arrow. The arrow hits the gnoll.
The gnoll is lightly wounded.
A gnoll comes into view. It is wielding a +0 flail.
Enter note:
Enter note:
Enter note: You shoot an arrow.
The arrow hits the gnoll.
The gnoll is moderately wounded.
You shoot an arrow. The arrow hits the gnoll.
The gnoll is heavily wounded.
The gnoll completely misses you. x2
You shoot an arrow. The arrow barely misses the gnoll.
The arrow hits the gnoll.
The gnoll is moderately wounded.
The gnoll hits you but does no damage. The gnoll misses you.
You shoot an arrow. The arrow hits the gnoll.
The gnoll is severely wounded.
The gnoll misses you.
The gnoll sergeant hits you from afar with a +0 spear!
You shoot an arrow. The arrow closely misses the gnoll.
The gnoll completely misses you. The gnoll sergeant misses you.
You shoot an arrow. The arrow hits the gnoll.
The gnoll is severely wounded.
The gnoll misses you. The gnoll sergeant closely misses you.
You shoot an arrow. The arrow hits the gnoll.
The gnoll is almost dead.
The gnoll hits you with a +0 club.
The gnoll sergeant hits you from afar with a +0 spear!
You shoot an arrow. The arrow hits the gnoll.
You kill the gnoll!
The gnoll sergeant barely misses you.
You shoot an arrow.
The arrow hits the gnoll sergeant but does no damage.
The gnoll sergeant is lightly wounded.
The gnoll sergeant hits you from afar with a +0 spear!
You die...

#...............
################.#
##.####...###..##.#
#.....#.....'.....#
#....%#.....#...>.#
#.....#.....#.....#
#.....#!....#.....#
#.....'.....#.....#
#.@)..#.....#.....#
##.##########.....#
#g# #.....#


.gg .... ...... ....... ######### You could see a gnoll sergeant and 2 gnolls.

Vanquished Creatures
  Sigmund (D:2)
  A bombardier beetle (D:4)
  2 orc priests (D:3)
  An iguana (D:4)
  An orc wizard (D:2)
  Robin (D:1)
  A gnoll (D:4)
  3 adders
  A dart slug (D:1)
  A ribbon worm (D:3)
  10 orcs
  4 endoplasms
  5 giant cockroaches
  11 goblins
  10 hobgoblins
  2 jackals (D:2)
  4 quokkas
  6 ball pythons
  A bat (D:2)
  3 frilled lizards
  8 kobolds
  9 rats
86 creatures vanquished.

Notes
Turn   | Place    | Note
-------+----------+-------------------------------------------
     0 | D:1      | qw the Spriggan Hunter began the quest for the Orb.
     0 | D:1      | Reached XP level 1. HP: 10/10 MP: 2/2
     0 | D:1      | 0 ||| qw: Version: 0.3-a-160-g6735b56
     0 | D:1      | 0 ||| qw: Game counter: 4714
     0 | D:1      | 0 ||| qw: Melee chars always use a shield: true
     0 | D:1      | 0 ||| qw: God list: Okawaru
     0 | D:1      | 0 ||| qw: Allow faded altars: false
     0 | D:1      | 0 ||| qw: Do Orc after clearing Dungeon:15 true
     0 | D:1      | 0 ||| qw: Do second Lair branch before Depths: true
     0 | D:1      | 0 ||| qw: Lair rune preference: random
     0 | D:1      | 0 ||| qw: Goals: Normal
     0 | D:1      | 0 ||| PLANNING D:1-11
    48 | D:1      | Reached skill level 3 in Dodging
   221 | D:1      | Found a faded altar of an unknown god.
   510 | D:1      | Reached XP level 2. HP: 14/14 MP: 3/3
  1081 | D:1      | 1081 ||| READING scroll labelled HUWNAF JUPUHO.
  1082 | D:1      | 1082 ||| READING scroll labelled POKEAT ULL.
  1082 | D:1      | 1082 ||| ENCHANTING +0 shortbow.
  1083 | D:1      | 1083 ||| READING scroll labelled MIXEOXK NINNAM.
  1088 | D:1      | 1088 ||| DROPPING scroll of butterflies.
  1126 | D:2      | 1126 ||| RETREEEEATING.
  1126 | D:2      | Identified the +2 helmet of Going Fast {+Inv Stlth+}
  1126 | D:2      | Noticed Robin
  1127 | D:2      | 1127 ||| RETREEEEATING.
  1128 | D:2      | Noticed Sigmund
  1129 | D:2      | 1129 ||| RETREEEEATING.
  1131 | D:2      | 1131 ||| RETREEEEATING.
  1132 | D:2      | 1132 ||| RETREEEEATING.
  1133 | D:2      | 1133 ||| STAIRDANCE
  1137 | D:1      | Reached XP level 3. HP: 6/18 MP: 4/4
  1188 | D:2      | 1188 ||| STAIRDANCE
  1237 | D:2      | 1237 ||| STAIRDANCE
  1262 | D:2      | 1262 ||| STAIRDANCE
  1310 | D:2      | 1310 ||| STAIRDANCE
  1326 | D:2      | 1326 ||| STAIRDANCE
  1337 | D:2      | 1337 ||| STAIRDANCE
  1341 | D:1      | Killed Robin
  1355 | D:2      | Killed Sigmund
  1356 | D:2      | Reached skill level 6 in Ranged Weapons
  1356 | D:2      | Reached XP level 4. HP: 22/22 MP: 5/5
  1356 | D:2      | Reached XP level 5. HP: 25/25 MP: 6/6
  1701 | D:2      | 1701 ||| DRINKING fuming golden potion.
  1702 | D:2      | 1702 ||| DRINKING green potion.
  1735 | D:2      | Reached XP level 6. HP: 27/30 MP: 7/7
  1783 | D:2      | Found a shimmering altar of Xom.
  2046 | D:2      | 2046 ||| UPGRADING to +0 cloak.
  2051 | D:2      | 2051 ||| READING scroll labelled FEUGRUPTEO.
  2051 | D:2      | 2051 ||| ENCHANTING +0 cloak.
  2052 | D:2      | 2052 ||| READING scroll labelled DOPSIT SIOPON.
  2053 | D:2      | 2053 ||| DRINKING 2 yellow potions.
  2054 | D:2      | 2054 ||| DROPPING potion of brilliance.
  2379 | D:3      | 2379 ||| FLEEEEING.
  2383 | D:3      | 2383 ||| FLEEEEING.
  2384 | D:3      | 2384 ||| FLEEEEING.
  2385 | D:3      | 2385 ||| FLEEEEING.
  2386 | D:3      | 2386 ||| FLEEEEING.
  2498 | D:3      | Identified the ring of Divine Intervention {Wiz rF++ Str+2
                  | Int+3 Dex-4}
  2880 | D:3      | 2880 ||| READING scroll labelled XEUGGO LUPNIEM.
  2935 | D:3      | 2935 ||| READING 3 scrolls labelled JANLYD PASKATO.
  2935 | D:3      | 2935 ||| IDENTIFYING viscous sapphire potion
  2936 | D:3      | 2936 ||| READING 2 scrolls of identify.
  2936 | D:3      | 2936 ||| IDENTIFYING inky potion
  2937 | D:3      | 2937 ||| READING scroll of identify.
  2937 | D:3      | 2937 ||| IDENTIFYING metallic emerald potion
  2938 | D:3      | 2938 ||| READING scroll labelled ROSOOBRUNK.
  2939 | D:3      | 2939 ||| DRINKING 2 bubbling blue potions.
  2940 | D:3      | 2940 ||| DRINKING 2 dark potions.
  2941 | D:3      | 2941 ||| DROPPING potion of berserk rage.
  2978 | D:4      | Reached skill level 6 in Dodging
  3058 | D:4      | 3058 ||| READING scroll of enchant weapon.
  3058 | D:4      | 3058 ||| ENCHANTING +1 shortbow.
  3303 | D:4      | Slain by a gnoll sergeant

Levels and vault maps discovered:
D:1:      minmay_arrival_doors, layout_basic, basic_ecumenical_altar,
          serial_forest, infiniplex_forest_zigzag_1,
          infiniplex_forest_straight_2, infiniplex_forest_end_1,
          infiniplex_forest_clump_double, infiniplex_forest_zigzag_1
D:2:      layout_basic, basic_altar, uniq_robin, uniq_sigmund
D:3:      cheibrodos_pilgrimage, layout_loops_ring, serial_bayou_lagoon_b
D:4:      layout_gridville, minmay_temple_entry_offerings

Skill      XL: |  1  2  3  4  5  6 |
---------------+-------------------+-----
Dodging        | 3 4 6 |  6.0
Ranged Weapons | 6 |  6.8
Fighting       | 2 |  2.1
Stealth        | |  1.5

Action                     |  1- 3 |  4- 6 || total
---------------------------+-------+-------++-------
   Fire: Shortbow          |    78 |   173 ||   251
    Use: Scroll            |     3 |     8 ||    11
         Potion            |       |     5 ||     5
 Armour: Robe              |    21 |    17 ||    38
         Skin              |       |    43 ||    43
  Dodge: Dodged            |    44 |    68 ||   112

Table legend:
 A = Non-vault XP
 B = Vault XP
 C = Vault XP percentage of total XP
 D = Non-vault monster count
 E = Vault monster count
 F = Vault count percentage of total count
                 A         B        C        D         E       F
            +---------+---------+-------+---------+---------+-------
      Total |     333 |     320 |  49.0 |      71 |      15 |  17.4
            +---------+---------+-------+---------+---------+-------
        D:1 |      41 |      29 |  41.4 |      17 |       8 |  32.0
        D:2 |      84 |     244 |  74.4 |      22 |       4 |  15.4
        D:3 |     102 |      47 |  31.5 |      25 |       3 |  10.7
        D:4 |     106 |       0 |   0.0 |       7 |       0 |   0.0
            +---------+---------+-------+---------+---------+-------
